 Dungeon Crawl Stone Soup version 0.31-a0-1300-gb6740aa4e6 (webtiles) character file.

Game seed: 602407360587072095

53 LeprechaunX the Changeling (level 3, -1/24 HPs)
             Began as an Octopode Shapeshifter on Dec 18, 2023.
             Slain by Terence
             ... wielding a +1 flail of holy wrath
              (13 damage)
             ... on level 2 of the Dungeon.
             The game lasted 00:01:11 (954 turns).

LeprechaunX the Changeling (Octopode Shapeshifter)   Turns: 954, Time: 00:01:12

Health: -1/24      AC:  1    Str: 13    XL:     3   Next: 89%
Magic:  3/3        EV: 13    Int: 12    God:
Gold:   31         SH:  0    Dex: 13    Spells: 2/2 levels left

rFire   . .          .
                       - Unarmed
rCold   . . .        (no shield)
rNeg    . . .        (helmet currently unavailable)
rPois   .            (no amulet)
rElec   .            f - ring of flight
rCorr   .            (no ring)
SInv    .            (no ring)
Will    .....        (no ring)
Stlth   ++           (no ring)
HPRegen 0.24/turn    (no ring)
MPRegen 0.08/turn    (no ring)
                     (no ring)

%: no passive effects
@: beast-form, flying
A: beast (slay +2), almost no armour, amphibious, 8 rings, camouflage 1,
gelatinous body 1, (nimble swimmer 1), tentacles
a: Begin Untransformation


You were on level 2 of the Dungeon.
You were a hulking beast.
You visited 1 branch of the dungeon, and saw 2 of its levels.

You collected 31 gold pieces.

Inventory:

Jewellery
 f - a ring of flight (left tentacle)
Talismans
 b - a beast talisman
 c - a flux talisman
Wands
 i - a wand of paralysis (3)
Scrolls
 d - a scroll of identify {unknown}
 e - a scroll of fear {unknown}
 g - a scroll of acquirement {unknown}
 h - a scroll of enchant weapon {unknown}
Potions
 a - a potion of lignification


   Skills:
 + Level 1.8 Fighting
 - Level 2.0 Dodging
 + Level 3.4 Unarmed Combat
 + Level 0.4 Evocations
 * Level 3.8 Shapeshifting


You had 2 spell levels left.
You didn't know any spells.
Your spell library contained the following spells:

 Spells                   Type           Power      Damage    Failure   Level
 Sublimation of Blood     Necr           0%         N/A       45%         2
 Wereblood                Tmut           0%         N/A       45%         2
 Summon Hydra             Summ           0%         N/A       100%        7


Dungeon Overview and Level Annotations

Branches:
Dungeon (2/15)

Altars:

Annotations:
D:2 Terence


Innate Abilities, Weirdness & Mutations

You are a hulking beast.
Your limbs bulge with bestial killing power. (Slay +2)
You cannot wear most types of armour.
You are amphibious.
You can wear up to eight rings at the same time.
Your skin changes colour to match your surroundings (Stealth+).
Your rubbery body absorbs attacks. (AC +1, EV +1)
((You are camouflaged when in or above water. (Stealth+)))
You have tentacles for arms and can constrict up to eight enemies at once.


Message History

You barely miss the endoplasm.
The endoplasm is severely wounded.
The endoplasm hits you but does no damage.
You bludgeon the endoplasm!
You kill the endoplasm!
No target in view!
Terence shouts!
There are monsters nearby!
There are monsters nearby!
There are monsters nearby!
You swing at nothing.
You swing at nothing.
You swing at nothing.
You tentacle-slap the rat.
You kill the rat!
You barely miss Terence. You grab Terence.
You constrict Terence, but do no damage.
Terence closely misses you.
You tentacle-slap Terence but do no damage.
You squeeze Terence!
Terence is moderately wounded.
You constrict Terence, but do no damage.
Terence hits you with a +1 flail of holy wrath!
Ouch! That really hurt!
You tentacle-slap Terence but do no damage.
Terence is moderately wounded.
You constrict Terence, but do no damage.
Terence screams, "I want your blood!" Terence barely misses you.
You tentacle-slap Terence but do no damage.
Terence is moderately wounded.
You constrict Terence, but do no damage.
You tentacle-slap Terence but do no damage.
You squeeze Terence.
Terence is heavily wounded.
You constrict Terence, but do no damage.
Terence hits you with a +1 flail of holy wrath!
Ouch! That really hurt!
You die...
Terence says, "That felt goooood."

#....'..###.....†#
#....##.# ##...†.#
#....##.#####....#
#....##..........#
#########....########....#
#............# #....#
#............# #....#
#............# #....#
#########...h###### #....#
#####@....# #.#+## #.....#
.# '........ #.....###
#.....# #.....# #.....#
#.....#


You could see Terence.

Vanquished Creatures
  An adder (D:2)
  A dart slug (D:2)
  4 ball pythons (D:1)
  2 bats
  5 endoplasms
  4 hobgoblins
  4 jackals (D:1)
  3 kobolds (D:1)
  2 quokkas
  5 frilled lizards
  2 goblins (D:1)
  6 rats
39 creatures vanquished.

Notes
Turn   | Place    | Note
-------+----------+-------------------------------------------
     0 | D:1      | LeprechaunX the Octopode Shapeshifter began the quest for
                  | the Orb.
     0 | D:1      | Reached XP level 1. HP: 13/13 MP: 1/1
   162 | D:1      | Reached XP level 2. HP: 18/18 MP: 2/2
   341 | D:1      | Reached XP level 3. HP: 23/23 MP: 3/3
   912 | D:2      | Noticed Terence
   954 | D:2      | Slain by Terence

Illustrated notes

Levels and vault maps discovered:
D:1:      saegor_arrival_under_anarchy, layout_loops_ring
D:2:      layout_basic, grunt_ministairs_12, kennysheep_nub, uniq_terence

Action                     || total
---------------------------++-------
  Melee: Unarmed           ||    71
         Constrict         ||    17
         Tentacles         ||    14
         Punch             ||     1
   Stab: Sleeping          ||     7
 Armour: Skin              ||    24
  Dodge: Dodged            ||    34

Table legend: (Time is in decaauts)
 A = Elapsed time spent in this place.
 B = Non-inter-level travel time spent in this place.
 C = Inter-level travel time spent in this place.
 D = Time resting spent in this place.
 E = Time spent auto-exploring this place.
 F = Levels seen in this place.
 G = Mean time per level.
                   A        B        C        D        E       F      G
               +--------+--------+--------+--------+--------+-----+--------+
         Total |    948 |    912 |     36 |      0 |    697 |   2 |  474.0 |
       Dungeon |    948 |    912 |     36 |      0 |    697 |   2 |  474.0 |
               +--------+--------+--------+--------+--------+-----+--------+

Top non-repeatable levels by time:
     D:1: 793 daAuts
     D:2: 154 daAuts
